 Seeded DCSS version 0.29-a0-359-g541a27f54d (webtiles) character file.

Game seed: 9333529537487618972 (custom seed)

5698 klau3 the Basher (level 10, -12/132 HPs)
             Began as a Minotaur Berserker on Apr 27, 2022.
             Was an Elder of Trog.
             Mangled by a death yak (14 damage)
             ... on level 7 of the Dungeon.
             The game lasted 01:00:52 (9868 turns).

klau3 the Basher (Minotaur Berserker)               Turns: 9868, Time: 01:00:53

Health: -12/132    AC: 29    Str: 25    XL:     10   Next: 47%
Magic:  9/9        EV:  2    Int:  4    God:    Trog [****..]
Gold:   349        SH:  4    Dex: 11    Spells: 9/9 levels left

rFire   . . .      SeeInvis .   t - +3 mace (vorpal)
rCold   . . .      Faith    .   H - +0 buckler
rNeg    . . .      Spirit   .   (body armour currently unavailable)
rPois   +          Reflect  .   (helmet currently unavailable)
rElec   .          Harm     .   (cloak currently unavailable)
rCorr   +          Rampage  .   (gloves currently unavailable)
Will    .....      NoTele   +   (boots currently unavailable)
Stlth   ++........              (no amulet)
HPRegen 0.32/turn               K - ring of resist corrosion
MPRegen 0.11/turn               R - +4 ring of protection

@: brilliant, tree-form
A: stationary, stasis, torment immunity, boosted hp, (horns 2), (retaliatory
headbutt)
a: Renounce Religion, Berserk, Trog's Hand, Brothers in Arms


You were on level 7 of the Dungeon.
You worshipped Trog.
Trog was greatly pleased with you.
You were a tree.
You visited 2 branches of the dungeon, and saw 9 of its levels.

You collected 349 gold pieces.

Inventory:

Hand Weapons
 a - a +0 hand axe of flaming
 b - a +5 long sword of freezing
 f - a +2 trident
 r - a +2 great sword
 t - a +3 vorpal mace (weapon)
 v - a +5 falchion
 x - a +1 antimagic great sword
 z - a +0 hand crossbow
 I - a +3 long sword of protection
 L - a +4 short sword
 M - a +3 halberd
 N - a +2 hand crossbow of flaming
 O - a +1 flail of holy wrath
Missiles
 k - a boomerang
 w - 182 stones (quivered)
 F - 8 poisoned darts
Armour
 l - a +2 robe of resistance
 p - the +5 ring mail of the Evening Star (melded) {Str+4}
   (You found it on level 2 of the Dungeon)

   Str:       It affects your strength (+4).
 y - a +0 pair of gloves of stealth (melded)
 B - a +0 scale mail
 C - a +0 pair of boots (melded)
 H - a +0 buckler (worn)
 P - the +1 leather armour of the Ten Xeniums {Fly Will+ Str+3 Int+3}
   (You took it off an orc on level 6 of the Dungeon)

   Str:       It affects your strength (+3).
   Int:       It affects your intelligence (+3).
   Fly:       It grants you flight.
   Will:      It increases your willpower.
 T - a +0 plate armour
Jewellery
 o - a ring of fire
 s - a ring of protection from cold
 A - a ring of ice
 G - a ring of magical power
 K - a ring of resist corrosion (left branch)
 R - a +4 ring of protection (right branch)
Wands
 h - a wand of flame (30)
 j - a wand of polymorph (5)
Scrolls
 g - a scroll of fear
 n - 6 scrolls of immolation
 q - 2 scrolls of identify
 u - 2 scrolls of teleportation
 D - 2 scrolls of amnesia {unknown}
 Q - a scroll of blinking
Potions
 c - 2 potions of attraction
 d - a potion of lignification
 e - 2 potions of ambrosia {unknown}
 i - 3 potions of mutation
 E - a potion of resistance {unknown}
 J - a potion of heal wounds {unknown}
 S - a potion of might {unknown}


   Skills:
 + Level 7.8 Fighting
 + Level 2.1 Long Blades
 + Level 4.0(7.4) Axes
 + Level 9.7(10.1) Maces & Flails
 + Level 0.5 Crossbows
 + Level 5.5 Throwing
 + Level 7.9 Armour
 + Level 7.1 Dodging
 + Level 2.8 Stealth
 + Level 4.0 Shields
 + Level 2.0 Unarmed Combat


You had 9 spell levels left.
You didn't know any spells.
Your spell library contained the following spells:

 Spells                   Type           Power      Damage    Failure   Level
 Shock                    Conj/Air       0%         1d3       58%         1
 Slow                     Hex            0%         N/A       58%         1
 Confusing Touch          Hex            0%         N/A       91%         3
 Swiftness                Air            0%         N/A       91%         3
 Vampiric Draining        Necr           0%         2d6       91%         3
 Airstrike                Air            0%         N/A       100%        4


Dungeon Overview and Level Annotations

Branches:
Dungeon (8/15)             Temple (1/1) D:5            Lair (0/6) D:8

Altars:
Ashenzari
Dithmenos
Elyvilon
Gozag
Hepliaklqana
Kikubaaqudgha
Makhleb
Nemelex Xobeh
Okawaru
Qazlal
Ru
Sif Muna
Trog
Uskayaw
Vehumet
Wu Jian
Xom
Yredelemnul
Zin
The Shining One

Shops:
D:4 ![:

Annotations:
D:3 2 runed translucent doors, Cheivey's ghost, amateur FoAK
D:4 3 runed translucent doors, indyram44's ghost, amateur DsFi
D:5 1 runed translucent door, sammy202020's ghost, novice PaFi


Innate Abilities, Weirdness & Mutations

You are a tree.
Your roots penetrate the ground, keeping you stationary.
You cannot be teleported.
You are immune to unholy pain and torment.
Your maximum health is greatly increased.
Your equipment is partially melded.
((You have a pair of horns on your head.))
((You reflexively headbutt those who attack you in melee.))


Message History

The death yak is heavily wounded.
The death yak barely misses you. You furiously retaliate!
You headbutt the death yak! You hit the death yak but do no damage.
You headbutt the death yak.
The death yak is heavily wounded.
You block the death yak's attack.
You hit the death yak but do no damage. Your headbutt misses the death yak.
The death yak is heavily wounded.
The death yak gores you!
You hit the death yak but do no damage.
The death yak is heavily wounded.
The death yak gores you!
* * * LOW HITPOINT WARNING * * *
You feel clever all of a sudden. The death yak gores you!
* * * LOW HITPOINT WARNING * * *
Really quaff the potion of lignification?
Uppercase [Y]es or [N]o only, please.
Really quaff the potion of lignification?
You turn into a tree.
Your +0 pair of gloves of stealth melds into your body.
Your +0 pair of boots melds into your body.
The +5 ring mail of the Evening Star {Str+4} melds into your body.
You feel less stealthy.
Your roots penetrate the ground.
You block the death yak's attack.
You hit the death yak but do no damage.
The death yak is heavily wounded.
The death yak gores you!
* * * LOW HITPOINT WARNING * * *
You cannot teleport because you are held in place by your roots.
You hit the death yak.
The death yak is severely wounded.
The death yak gores you but does no damage.
You barely miss the death yak.
The death yak is severely wounded.
You block the death yak's attack.
You hit the death yak.
The death yak is severely wounded.
The death yak gores you!
You die...

#######..######.####
##........# ###
#......### #.#
#......# ## #.##
#......# ##. #..#
#......# ##..
#..####......###..#
#)..#...##.....#.##
##♣Y#.######.#...##
##....# ###.#.....
#....# #.....#.##
#....###.#.###.##
####.....#)###.##
##......#.....
##.####...#... #..#
#..##### #.##
##<.####.


You could see a death yak.

Vanquished Creatures
  2 death yaks (D:7)
  Pikel (D:6)
  Maggie (D:6)
  A steam dragon (D:6)
  Edmund (D:6)
  3 ice beasts
  2 orc warriors
  3 sky beasts
  2 black bears (D:6)
  An ogre (D:5)
  2 lemures (D:6)
  3 centaurs
  A kobold brigand (D:8)
  A bullfrog (D:8)
  A necrophage (D:6)
  Blork the orc (D:5)
  2 scorpions
  A gnoll sergeant (D:8)
  14 wights
  6 killer bees (D:8)
  5 hounds
  2 orc priests (D:8)
  A gnoll shaman (D:7)
  2 jellies
  2 iguanas (D:6)
  6 orc wizards
  3 hell rats
  15 gnolls
  8 adders
  A river rat (D:8)
  2 white imps
  3 ufetubi (D:5)
  3 worms
  A dart slug (D:2)
  14 orcs
  11 ball pythons
  14 bats
  8 endoplasms
  A giant cockroach (D:4)
  6 goblins
  5 hobgoblins
  4 quokkas
  3 frilled lizards (D:1)
  13 kobolds
  4 rats
186 creatures vanquished.

Vanquished Creatures (others)
  2 adders (D:6)
  3 plants (D:7)
  2 withered plants (D:5)
7 creatures vanquished.

Grand Total: 193 creatures vanquished

Notes
Turn   | Place    | Note
-------+----------+-------------------------------------------
     0 | D:1      | klau3 the Minotaur Berserker began the quest for the Orb.
     0 | D:1      | Reached XP level 1. HP: 19/19 MP: 0/0
   100 | D:1      | Found a faded altar of an unknown god.
   161 | D:1      | Reached XP level 2. HP: 27/27 MP: 1/1
   478 | D:1      | Reached ** piety under Trog
   933 | D:2      | Reached XP level 3. HP: 32/33 MP: 2/2
   960 | D:2      | Identified the +5 ring mail of the Evening Star {Str+4}
  1086 | D:2      | Reached skill level 1 in Maces & Flails
  1174 | D:2      | Reached XP level 4. HP: 36/41 MP: 3/3
  1335 | D:3      | Found a large runed translucent door.
  1335 | D:3      | Found a large runed translucent door.
  1338 | D:3      | Noticed Cheivey's ghost (amateur FoAK)
  1925 | D:3      | Reached *** piety under Trog
  2104 | D:4      | Found Epokourch's Distillery.
  2127 | D:4      | Found Jyiginuph's Armour Emporium.
  2275 | D:4      | Found a runed translucent gate.
  2277 | D:4      | Found a runed translucent gate.
  2279 | D:4      | Found a runed translucent gate.
  2309 | D:4      | Noticed indyram44's ghost (amateur DsFi)
  2434 | D:4      | Reached skill level 2 in Maces & Flails
  2447 | D:3      | Reached XP level 5. HP: 44/47 MP: 4/4
  2777 | D:4      | Found Maas's Book Shoppe.
  2781 | D:4      | Noticed a centaur
  2798 | D:4      | Killed a centaur
  2799 | D:4      | Reached skill level 3 in Maces & Flails
  2928 | D:4      | Reached XP level 6. HP: 24/53 MP: 5/5
  3412 | D:5      | Entered Level 5 of the Dungeon
  3465 | D:5      | Noticed Blork the orc
  3479 | D:5      | Reached skill level 1 in Stealth
  3483 | D:5      | Killed Blork the orc
  3484 | D:5      | Reached skill level 4 in Maces & Flails
  3484 | D:5      | Reached skill level 1 in Throwing
  3586 | D:5      | Found a staircase to the Ecumenical Temple.
  3592 | Temple   | Entered the Ecumenical Temple
  3743 | D:5      | Found a runed translucent door.
  3745 | D:5      | Noticed sammy202020's ghost (novice PaFi)
  3756 | D:5      | Reached skill level 5 in Armour
  3756 | D:5      | Reached XP level 7. HP: 54/60 MP: 6/6
  3773 | D:5      | Reached skill level 5 in Maces & Flails
  4208 | D:6      | Noticed Maggie
  4214 | D:6      | Reached skill level 5 in Fighting
  4681 | D:6      | Killed Maggie
  4682 | D:6      | Reached skill level 6 in Maces & Flails
  4682 | D:6      | Reached skill level 1 in Shields
  4682 | D:6      | Reached XP level 8. HP: 10/70 MP: 7/7
  4889 | D:6      | Reached **** piety under Trog
  5067 | D:6      | Reached skill level 1 in Unarmed Combat
  5208 | D:6      | Noticed Pikel
  5402 | D:6      | Killed Pikel
  5403 | D:6      | Reached skill level 7 in Maces & Flails
  5403 | D:6      | Reached skill level 5 in Dodging
  5679 | D:6      | Reached XP level 9. HP: 66/74 MP: 8/8
  5840 | D:6      | Identified the +1 leather armour of the Ten Xeniums {Fly
                  | Will+ Str+3 Int+3}
  5896 | D:6      | Noticed Edmund
  5911 | D:6      | Killed Edmund
  6584 | D:7      | Reached skill level 5 in Throwing
  6586 | D:7      | Reached skill level 8 in Maces & Flails
  6743 | D:7      | Reached skill level 1 in Long Blades
  6977 | D:8      | Noticed a death yak
  6980 | D:8      | Noticed a death yak
  6984 | D:8      | Found a staircase to the Lair.
  6984 | D:8      | Noticed a death yak
  7001 | D:8      | HP: 3/78 [death yak (15)]
  8100 | D:8      | Reached XP level 10. HP: 77/79 MP: 9/9
  8880 | D:7      | Reached skill level 9 in Maces & Flails
  9256 | D:7      | Killed a death yak
  9665 | D:7      | Killed a death yak
  9865 | D:7      | HP: 1/132 [death yak (15)]
  9868 | D:7      | Mangled by a death yak

Illustrated notes

Levels and vault maps discovered:
D:1:      dpeg_arrival_three_same_balls, layout_basic, basic_ecumenical_altar
D:2:      layout_rooms
D:3:      layout_loops_cross, ebering_ghost_disaster_area,
          hangedman_decor_clover_reticule, minmay_misc_feat_diagonals,
          kennysheep_crisscross
D:4:      layout_basic, gammafunk_ghost_necromancy, serial_shops,
          nicolae_stop_n_shop_1, nicolae_shop_behind_doors,
          nicolae_stop_n_shop_2, minmay_misc_feat_more_columns, minmay_distorted
D:5:      layout_rooms, minmay_temple_entry_fiery, gammafunk_ghost_grave,
          uniq_blork_the_orc
D:6:      layout_loops_corners, nicolae_concentric_dashed_squares_mild,
          st_stairs_14, kennysheep_generic_room_15, uniq_maggie, uniq_pikel,
          uniq_edmund
D:7:      layout_rooms, nicolae_grassy_gnolls
D:8:      layout_loops_ring, dpeg_lair_monsters
Temple:   compressed_dpeg_triangle_lava_temple

Skill      XL: |  1  2  3  4  5  6  7  8  9 10 |
---------------+-------------------------------+-----
Fighting       | 4 5 6 7 |  7.8
Axes           | 4 |  4.0
Armour         | 3 4 5 6 7 |  7.9
Maces & Flails | 1 2 3 4 6 7 8 9 |  9.7
Dodging        | 3 4 5 6 7 |  7.1
Stealth        | 1 2 |  2.8
Throwing       | 1 3 5 |  5.5
Shields        | 1 3 4 |  4.0
Unarmed Combat | 2 |  2.0
Long Blades    | 2 |  2.1
Crossbows      | |  0.5

Action                   |  1- 3 |  4- 6 |  7- 9 | 10-12 || total
-------------------------+-------+-------+-------+-------++-------
Melee: Whip              |    69 |       |       |       ||    69
       Headbutt          |     7 |    13 |    45 |    27 ||    92
       Hand axe          |     1 |       |       |       ||     1
       Mace              |     8 |   110 |   257 |   106 ||   481
       Unarmed           |       |       |    18 |       ||    18
       Long sword        |       |       |    24 |       ||    24
       Hand crossbow     |       |       |       |     1 ||     1
 Fire: Hand crossbow     |       |       |       |     3 ||     3
Throw: Dart              |     2 |     9 |    80 |       ||    91
       Stone             |       |       |     9 |     3 ||    12
Evoke: Wand              |       |       |     2 |       ||     2
  Use: Potion            |       |     7 |     7 |     4 ||    18
       Scroll            |       |     3 |     9 |     1 ||    13
 Stab: Sleeping          |       |     2 |     1 |       ||     3
       Distracted        |       |     1 |       |       ||     1
Armor: Ring mail         |    56 |    57 |   151 |    34 ||   298
       Animal skin       |     1 |       |       |       ||     1
       Skin              |       |       |     1 |    11 ||    12
Dodge: Dodged            |    93 |    76 |   204 |    52 ||   425
Block: Buckler           |       |       |    57 |    21 ||    78

Table legend: (Time is in decaauts)
 A = Elapsed time spent in this place.
 B = Non-inter-level travel time spent in this place.
 C = Inter-level travel time spent in this place.
 D = Time resting spent in this place.
 E = Time spent auto-exploring this place.
 F = Levels seen in this place.
 G = Mean time per level.
                   A        B        C        D        E       F      G
               +--------+--------+--------+--------+--------+-----+--------+
         Total |   9893 |   6611 |   3282 |   2474 |   1391 |   9 | 1099.2 |
       Dungeon |   9797 |   6601 |   3196 |   2474 |   1391 |   8 | 1224.6 |
        Temple |     95 |      9 |     86 |      0 |      0 |   1 |   95.0 |
               +--------+--------+--------+--------+--------+-----+--------+

Top non-repeatable levels by time:
     D:7: 2091 daAuts
     D:6: 1562 daAuts
     D:8: 1400 daAuts
     D:5: 1322 daAuts
     D:4: 1297 daAuts
     D:1: 927 daAuts
     D:3: 788 daAuts
     D:2: 408 daAuts
  Temple: 95 daAuts
